 Dungeon Crawl Stone Soup version 0.23.0-3-gf3c87f2 (webtiles) character file.

Game seed: 3826849436684422527

17619 marthius the Warrior (level 12, -6/122 HPs)
             Began as a Minotaur Fighter on Feb 18, 2019.
             Was a High Priest of Makhleb.
             Mangled by an orc knight
             ... wielding a cursed -3 battleaxe
              (27 damage)
             ... on level 1 of the Orcish Mines on Feb 22, 2019.
             The game lasted 00:50:13 (14569 turns).

marthius the Warrior (Minotaur Fighter)            Turns: 14569, Time: 00:50:14

Health: -6/122     AC: 17    Str: 23    XL:     12   Next: 20%
Magic:  14/14      EV: 14    Int:  5    God:    Makhleb [*****.]
Gold:   976        SH: 11    Dex: 18    Spells: 11/11 levels left

rFire    . . .     SeeInvis +   C - +7 scimitar (freeze)
rCold    . . .     Gourm    +   c - +0 shield
rNeg     . . .     Faith    .   p - quicksilver dragon scales
rPois    .         Spirit   .   (helmet restricted)
rElec    .         Reflect  .   G - +0 cloak
rCorr    .         Harm     .   k - +0 pair of gloves
MR       +....                  (no boots)
Stlth    ++........             u - amulet of the gourmand
HPRegen  0.30/turn              q - ring of see invisible
MPRegen  0.14/turn              I - +3 ring of protection

@: agile, about to teleport, hasted, very quick
A: retaliatory headbutt, horns 2
a: Minor Destruction, Lesser Servant of Makhleb, Major Destruction, Greater
Servant of Makhleb, Renounce Religion


You were on level 1 of the Orcish Mines.
You worshipped Makhleb.
Makhleb was extremely pleased with you.
You were completely stuffed.

You visited 4 branches of the dungeon, and saw 15 of its levels.

You collected 1073 gold pieces.
You spent 97 gold pieces at shops.

Inventory:

Hand Weapons
 a - a +0 long sword
 C - a +7 scimitar of freezing (weapon)
Missiles
 l - 6 javelins (quivered)
 M - 7 tomahawks of returning
Armour
 b - a +0 scale mail
 c - a +0 shield (worn)
 h - a +0 plate armour
 k - a +0 pair of gloves (worn)
 p - quicksilver dragon scales (worn)
 x - the +1 robe "Fomith" {rElec rN++ rCorr Dex-3}
   (You found it on level 5 of the Dungeon)

   It affects your dexterity (-3).
   It insulates you from electricity.
   It greatly protects you from negative energy.
   It provides partial protection from all sources of acid and corrosion.
 G - a +0 cloak (worn)
Jewellery
 q - a ring of see invisible (left hand)
 u - an amulet of the gourmand (around neck)
 E - an uncursed amulet of rage
 I - a +3 ring of protection (right hand)
Wands
 i - a wand of digging (4)
 y - a wand of paralysis (6)
 H - a wand of iceblast (6)
 K - a wand of scattershot (6)
Scrolls
 e - a scroll of magic mapping
 g - a scroll of identify
 j - a scroll of amnesia
 m - 8 scrolls of remove curse
 s - a scroll of immolation
 t - 3 scrolls of fog
 v - a scroll of teleportation
 w - 3 scrolls of noise {unknown}
 F - 2 scrolls of random uselessness
 J - a scroll of vulnerability {unknown}
 L - a scroll of blinking {unknown}
 N - a scroll of holy word {unknown}
 O - a scroll of enchant armour {unknown}
Potions
 d - a potion of ambrosia {unknown}
 n - 4 potions of flight
 o - 2 potions of curing
 r - a potion of heal wounds {unknown}
 z - 2 potions of haste
 A - 2 potions of cancellation
Comestibles
 f - 19 rations
 B - 7 chunks of flesh


   Skills:
 + Level 15.8 Fighting
 - Level 14.0 Long Blades
 - Level 7.1 Armour
 - Level 7.1 Shields
 + Level 4.3 Evocations


You had 11 spell levels left.
You didn't know any spells.
Your spell library contained the following spells:

 Spells                   Type           Power        Failure   Level  Hunger
 Animate Skeleton         Necr           N/A          91%         1    ##.....
 Apportation              Tloc           #.....       91%         1    ##.....
 Confusing Touch          Hex            #.....       91%         1    ##.....
 Corona                   Hex            #......      91%         1    ##.....
 Magic Dart               Conj           #...         91%         1    ##.....
 Summon Small Mammal      Summ           #...         91%         1    ##.....
 Blink                    Tloc           N/A          97%         2    ###....
 Call Imp                 Summ           #.......     97%         2    ###....
 Ensorcelled Hibernation  Hex/Ice        #.....       97%         2    ###....
 Poisonous Vapours        Pois/Air       #.....       97%         2    ###....
 Slow                     Hex            #.......     97%         2    ###....
 Confuse                  Hex            #.......     100%        3    ####...
 Conjure Flame            Conj/Fire      #.......     100%        3    ####...
 Dazzling Spray           Conj/Hex       #.....       100%        3    ####...
 Gell's Gravitas          Tloc           #.........   100%        3    ####...
 Ignite Poison            Fire/Tmut/Pois #.......     100%        3    ####...
 Mephitic Cloud           Conj/Pois/Air  #.......     100%        3    ####...
 Tukima's Dance           Hex            #.......     100%        3    ####...
 Olgreb's Toxic Radiance  Pois           #.......     100%        4    #####..
 Petrify                  Tmut/Erth      #.......     100%        4    #####..
 Alistair's Intoxication  Tmut/Pois      #.......     100%        5    ######.
 Metabolic Englaciation   Hex/Ice        #.........   100%        5    ######.
 Yara's Violent Unravell  Hex/Tmut       #.........   100%        5    ######.


Dungeon Overview and Level Annotations

Branches:
Dungeon (11/15)            Temple (1/1) D:4            Lair (1/6) D:10
    Orc (2/2) D:9
    Elf: Orc:2

Altars:
Ashenzari
Cheibriados
Dithmenos
Elyvilon
Fedhas
Gozag
Hepliaklqana
Kikubaaqudgha
Makhleb
Nemelex Xobeh
Okawaru
Qazlal
Ru
Sif Muna
Trog
Uskayaw
Vehumet
Wu Jian
Xom
Yredelemnul
Zin
The Shining One

Shops:
D:8 %   D:11 *[   Orc:1 ?

Annotations:
D:8 1 runed translucent door, vogonpoet's ghost, novice SpEn
D:10 3 runed translucent doors, Tramtrist's ghost, novice DDFi; coffeespoons's ghost, journeyman GrFi


Innate Abilities, Weirdness & Mutations

You reflexively headbutt those who attack you in melee.
You have a pair of horns on your head.


Message History

You hit the orc knight. You freeze the orc knight.
The orc knight is lightly wounded.
Okay, then.
You're too full to eat anything.
As you read the scroll of teleportation, it crumbles to dust.
You feel strangely unstable. You block the orc knight's attack.
The orc knight hits you with a cursed -3 battleaxe!
* * * LOW HITPOINT WARNING * * *
You feel better.
Okay, then.
You hit the orc knight. You freeze the orc knight.
Your headbutt misses the orc knight.
The orc knight is lightly wounded.
The orc knight barely misses you. You furiously retaliate!
You headbutt the orc knight. You hit the orc knight. You freeze the orc knight.
Your headbutt misses the orc knight.
The orc knight is moderately wounded.
The orc knight hits you with a cursed -3 battleaxe!!
You die...

...#.............................
#.###.#......................###.
....##......................###..
###.#........................###.
..#.......................#.## ##
..#....#...^...............##
#.#...[#..#.................#
#.'....[).#....[o).........##
#.')...#.....#.[@........###
#)#....#.....#.#o.......##
..#...#.........#.......#
..#..##...#.............##
###.####.####.#..........# ....#
### ####........## #####
#..........#### ##
##...#.....##.## (##
#...###.......#


You could see 2 orc knights.

Vanquished Creatures
  A stone giant (D:9)
  3 two-headed ogres
  An orc knight (Orc:1)
  Pikel (D:9)
  2 orc sorcerers (Orc:1)
  2 manticores (D:11)
  6 trolls
  A hippogriff (D:7)
  5 yaks
  A human (D:8)
  2 hungry ghosts
  3 hogs (D:8)
  A warg (Orc:1)
  Edmund (D:5)
  An acid dragon (D:11)
  A water moccasin (D:11)
  3 slaves (D:9)
  5 ice beasts
  14 orc warriors
  A phantom (D:8)
  A sky beast (D:8)
  2 necrophages
  7 centaurs
  13 ogres
  4 wolves
  A big kobold (D:7)
  The ghost of Kairos the Slasher, an amateur VSMo (D:3)
  Blork the orc (D:4)
  9 bullfrogs
  A wyvern skeleton (D:6)
  6 scorpions
  16 wights
  9 killer bees
  An electric eel (D:10)
  4 howler monkeys
  2 crimson imps
  2 centaur zombies
  19 orc priests
  2 centaur skeletons
  2 jellies (D:9)
  8 hounds
  29 orc wizards
  4 iguanas
  5 worker ants
  A hound zombie (D:7)
  2 worker ant zombies
  15 adders
  2 shadow imps
  An adder skeleton (D:8)
  A worm (D:2)
  4 dart slugs
  A leopard gecko (D:10)
  63 orcs
  A giant cockroach (D:1)
  6 goblins
  6 hobgoblins
  6 jackals
  14 kobolds
  7 quokkas
  4 ball pythons (D:1)
  2 bats
  4 frilled lizards
  A quokka zombie (D:8)
  7 rats
352 creatures vanquished.

Vanquished Creatures (others)
  5 dream sheep (D:5)
  A bullfrog (D:9)
  A fungus (D:8)
  6 plants (D:8)
13 creatures vanquished.

Grand Total: 365 creatures vanquished

Notes
Turn   | Place    | Note
-------+----------+-------------------------------------------
     0 | D:1      | marthius the Minotaur Fighter began the quest for the Orb.
     0 | D:1      | Reached XP level 1. HP: 19/19 MP: 0/0
   300 | D:1      | Reached XP level 2. HP: 17/27 MP: 1/1
   810 | D:2      | Reached skill level 4 in Fighting
   883 | D:2      | Reached XP level 3. HP: 33/33 MP: 2/2
  1004 | D:2      | Upgraded the game from 0.23.0 to 0.23.0-3-gf3c87f2
  1291 | D:2      | Found a glowing golden altar of the Shining One.
  1291 | D:2      | Found an opulent altar of Gozag.
  1592 | D:2      | Noticed an ice beast
  1597 | D:2      | Killed an ice beast
  1597 | D:2      | Reached XP level 4. HP: 26/41 MP: 3/3
  1597 | D:2      | Reached XP level 5. HP: 30/47 MP: 4/4
  2183 | D:3      | Reached skill level 5 in Fighting
  2337 | D:3      | Found a runed translucent door.
  2608 | D:3      | Noticed Kairos's ghost (amateur VSMo)
  2614 | D:3      | Reached XP level 6. HP: 56/56 MP: 5/5
  2630 | D:3      | Killed Kairos's ghost
  2630 | D:3      | Reached skill level 5 in Long Blades
  2852 | D:4      | Noticed Blork the orc
  2874 | D:4      | Killed Blork the orc
  2874 | D:4      | Reached skill level 6 in Fighting
  2912 | D:4      | Found a staircase to the Ecumenical Temple.
  2917 | Temple   | Entered the Ecumenical Temple
  2968 | Temple   | Became a worshipper of Makhleb the Destroyer
  3253 | D:4      | Found a deep blue altar of Sif Muna.
  3311 | D:4      | Found a glowing silver altar of Zin.
  3361 | D:4      | Found a hazy altar of Hepliaklqana.
  3361 | D:4      | Found a basalt altar of Yredelemnul.
  3676 | D:5      | Entered Level 5 of the Dungeon
  3977 | D:5      | Got a crude robe
  3985 | D:5      | Reached XP level 7. HP: 49/64 MP: 6/6
  4083 | D:5      | Noticed a dream sheep
  4083 | D:5      | Noticed a dream sheep
  4083 | D:5      | Noticed a dream sheep
  4083 | D:5      | Noticed a dream sheep
  4083 | D:5      | Noticed a dream sheep
  4083 | D:5      | Found a shimmering altar of Xom.
  4088 | D:5      | Killed a dream sheep
  4088 | D:5      | Killed a dream sheep
  4088 | D:5      | Killed a dream sheep
  4088 | D:5      | Killed a dream sheep
  4090 | D:5      | Killed a dream sheep
  4130 | D:5      | Reached skill level 7 in Fighting
  4223 | D:5      | Noticed Edmund
  4237 | D:5      | Killed Edmund
  4333 | D:5      | Identified the +1 robe "Fomith" {rElec rN++ rCorr Dex-3}
                  | (You found it on level 5 of the Dungeon)
  4538 | D:6      | Reached skill level 8 in Fighting
  4663 | D:6      | Reached XP level 8. HP: 42/74 MP: 7/7
  5592 | D:6      | Found a sacrificial altar of Ru.
  5935 | D:6      | Reached skill level 9 in Fighting
  6583 | D:7      | Reached skill level 10 in Fighting
  6588 | D:7      | Reached * piety under Makhleb
  6763 | D:7      | Noticed a hippogriff
  6769 | D:7      | Killed a hippogriff
  6769 | D:7      | Reached XP level 9. HP: 73/85 MP: 8/8
  6777 | D:7      | Reached skill level 10 in Long Blades
  7907 | D:7      | Reached skill level 11 in Fighting
  8025 | D:7      | Noticed a gargoyle
  8029 | D:7      | Noticed a gargoyle
  8030 | D:7      | Noticed a gargoyle
  8099 | D:7      | Noticed a gargoyle
  8397 | D:8      | Found an iron altar of Okawaru.
  8405 | D:8      | Reached ** piety under Makhleb
  8807 | D:8      | Found a shimmering altar of Xom.
  8807 | D:8      | Found an ancient bone altar of Kikubaaqudgha.
  8839 | D:8      | Found a runed translucent door.
  8839 | D:8      | Noticed a polar bear
  8839 | D:8      | Noticed vogonpoet's ghost (novice SpEn)
  8839 | D:8      | Identified the +9 trident "Iggumeets" {pierce, Int+3}
  8888 | D:8      | Reached skill level 12 in Fighting
  8991 | D:8      | Reached XP level 10. HP: 95/95 MP: 9/9
  9120 | D:8      | Noticed a two-headed ogre
  9126 | D:8      | Killed a two-headed ogre
  9287 | D:8      | Found Faagg's Food Boutique.
  9539 | D:8      | Reached skill level 13 in Fighting
  9981 | D:9      | Reached *** piety under Makhleb
 10095 | D:9      | Found a staircase to the Orcish Mines.
 10095 | D:9      | Noticed Pikel
 10119 | D:9      | Killed Pikel
 10260 | D:9      | Identified the Tome of Venom
 10979 | D:9      | Found a burning altar of Makhleb.
 10979 | D:9      | Noticed a cacodemon
 11022 | D:10     | Entered Level 10 of the Dungeon
 11166 | D:10     | Reached XP level 11. HP: 85/106 MP: 10/10
 11517 | D:10     | Found a runed translucent gate.
 11518 | D:10     | Found a runed translucent gate.
 11519 | D:10     | Found a runed translucent gate.
 11533 | D:10     | Reached skill level 14 in Fighting
 11715 | D:10     | Found a staircase to the Lair.
 11903 | D:10     | Reached **** piety under Makhleb
 12031 | D:10     | Noticed Tramtrist's ghost (novice DDFi)
 12031 | D:10     | Noticed coffeespoons's ghost (journeyman GrFi)
 12113 | D:11     | Reached skill level 5 in Armour
 12113 | D:11     | Reached skill level 5 in Shields
 12154 | D:11     | Found Mihe Xuupte's General Store.
 12158 | D:11     | Noticed a two-headed ogre
 12173 | D:11     | Killed a two-headed ogre
 12182 | D:11     | Noticed a two-headed ogre
 12190 | D:11     | Killed a two-headed ogre
 12249 | D:11     | Bought a scroll of enchant weapon for 97 gold pieces
 12254 | D:11     | Found Cuschiar's Antique Armour Shop.
 12882 | Lair:1   | Entered Level 1 of the Lair of Beasts
 12915 | Orc:1    | Entered Level 1 of the Orcish Mines
 12915 | Orc:1    | Noticed a stone giant
 13049 | D:9      | Reached ***** piety under Makhleb
 13053 | D:9      | Killed a stone giant
 13053 | D:9      | Reached skill level 15 in Fighting
 13493 | Orc:1    | Found Acoqippa's Magic Scroll Shoppe.
 13500 | Orc:1    | Noticed an orc sorcerer
 13501 | Orc:1    | Noticed an orc sorcerer
 13530 | Orc:1    | Paralysed by an orc sorcerer for 4 turns
 13705 | Orc:1    | Killed an orc sorcerer
 13822 | Orc:1    | Killed an orc sorcerer
 13822 | Orc:1    | Reached XP level 12. HP: 119/119 MP: 13/13
 14484 | Orc:2    | Entered Level 2 of the Orcish Mines
 14569 | Orc:1    | Mangled by an orc knight

Skill      XL: |  1  2  3  4  5  6  7  8  9 10 11 12 |
---------------+-------------------------------------+-----
Shields        | 4 7 |  7.1
Armour         | 4 7 |  7.1
Fighting       | 4 5 6 8 10 12 13 15 | 15.8
Long Blades    | 3 4 6 7 9 11 13 14 | 14.0
Evocations     | 3 4 |  4.3

Action                   |  1- 3 |  4- 6 |  7- 9 | 10-12 || total
-------------------------+-------+-------+-------+-------++-------
Melee: Long sword        |    99 |   114 |   325 |       ||   538
       Headbutt          |    10 |    20 |    81 |   110 ||   221
       Scimitar          |       |       |    28 |   484 ||   512
  Use: Scroll            |     1 |     3 |       |    16 ||    20
       Potion            |     1 |       |     3 |     5 ||     9
 Stab: Invisible         |       |       |     4 |       ||     4
  Eat: Chunk             |     2 |     8 |    27 |    27 ||    64
Armor: Plate armour      |    48 |       |       |       ||    48
       Scale mail        |     9 |       |       |       ||     9
       Quicksilver drago |     3 |    45 |   110 |   193 ||   351
Dodge: Dodged            |    22 |    28 |    83 |   172 ||   305
Block: Shield            |    45 |    57 |   157 |   238 ||   497
       Rpst.: Long sword |     4 |     6 |    19 |       ||    29
       Scimitar          |       |       |     2 |    41 ||    43
